 Dungeon Sprint DCSS version 0.18.1-5-g4a78601 (webtiles) character file.

1005 Hipnos the Unseen (level 8, 0/36 HPs)
             Began as a Spriggan Enchanter on May 14, 2016.
             Was a Believer of Sif Muna.
             Slain by a deep troll (17 damage)
             ... in the Dungeon (Sprint I: "Red Sonja").
             The game lasted 00:01:48 (151 turns).

Hipnos the Unseen (Spriggan Enchanter)               Turns: 151, Time: 00:01:49

Health: 0/36       AC:  3    Str:  4    XL:     8   Next: 0%
Magic:  18/22      EV: 22    Int: 18    God:    Sif Muna [**....]
Gold:   423        SH:  0    Dex: 17    Spells: 3 memorised, 19 levels left

rFire  . . .     SeeInvis +     i - +0 short sword (venom)
rCold  . . .     Gourm    .     b - +1 robe
rNeg   . . .     Faith    .     (shield restricted)
rPois  .         Spirit   .     (helmet restricted)
rElec  .         Dismiss  .     (no cloak)
rCorr  .         Reflect  .     (gloves unavailable)
SustAt .         Harm     .     (boots unavailable)
MR     +....     NoTele   +     (no amulet)
Stlth  +++++++...               (no ring)
                                (no ring)

@: very quick, somewhat resistant to hostile enchantments, extremely stealthy
A: unfitting armour, see invisible, herbivore 3, speed 3, slow metabolism 2
a: Channel Energy, Renounce Religion


You were in the Dungeon.
You worshipped Sif Muna.
Sif Muna was pleased with you.
You were not hungry.

You visited 1 branch You collected 423 gold pieces.

Inventory:

Hand Weapons
 a - a +1 dagger
 i - a +0 short sword of venom (weapon)
Armour
 b - a +1 robe (worn)
Scrolls
 j - a scroll of blinking
Potions
 e - a potion of curing
 f - a potion of heal wounds
 g - a potion of haste
 h - 2 potions of magic
Books
 c - a book of Maledictions

   Spells                             Type                      Level
   a - Corona                         Hexes                        1
   b - Ensorcelled Hibernation        Hexes/Ice                    2
   c - Confuse                        Hexes                        3
   d - Tukima's Dance                 Hexes                        3
   e - Dazzling Spray                 Conjuration/Hexes            3
Comestibles
 d - a bread ration


   Skills:
 + Level 2.4 Short Blades
 + Level 6.2 Dodging
 * Level 16.2 Stealth
 * Level 9.1 Spellcasting
 * Level 13.0 Hexes


You had 19 spell levels left.
You knew the following spells:

 Your Spells              Type           Power        Failure   Level  Hunger
a - Corona                Hex            ######.      1%          1    None
b - Ensorcelled Hibernat  Hex/Ice        ####..       1%          2    None
c - Confuse               Hex            ######..     1%          3    None


Dungeon Overview and Level Annotations

Branches:
Dungeon (1/1)

Altars:
Elyvilon
Gozag
Kikubaaqudgha
Makhleb
Nemelex Xobeh
Okawaru
Pakellas
Qazlal
Ru
Sif Muna
Trog
Vehumet
Xom
Yredelemnul
Zin
The Shining One

Shops:
D (


Innate Abilities, Weirdness & Mutations

You are tiny and cannot use many weapons and most armour.
You have supernaturally acute eyesight.
You are a herbivore.
You cover ground extremely quickly.
You need consume almost no food.


Message History

Found 108 gold pieces.
There is an open door here.
You see here 27 gold pieces.
The deep troll shouts!
The deep troll misses you. The deep troll claws you. The deep troll misses you.
You see here 27 gold pieces.
You hit the deep troll.
The deep troll is lightly wounded.
The deep troll bites you. The deep troll claws you! The deep troll misses you.
Cast which spell? (? or * to list)
Aiming: Ensorcelled Hibernation
Press: ? - help, Shift-Dir - straight line, f - deep troll
Aim: a deep troll (chance to defeat MR: 42%)
The deep troll looks drowsy...
The helpless deep troll fails to defend itself.
You skewer the deep troll like a kebab!!!
The deep troll is poisoned.
The deep troll is almost dead.
The deep troll bites you!
You die...

#..#####'#####'#
#..####..#...#(#
#..#__####..##.#
#..#_.___##'#..+
#⌠⌠#_.∩...'..._#
####_..._##_.#'#
#_____###'#(#
#########.####+###
+...'$@T$$+
#.).####### ##.##
#+#


You could see a deep troll.

Vanquished Creatures
  Sonja (D)
  Sigmund (D)
  A yak (D)
  An ogre (D)
  A jelly (D)
  Ijyb (D)
6 creatures vanquished.

Notes
Turn   | Place    | Note
--------------------------------------------------------------
     0 | D        | Hipnos the Spriggan Enchanter began the quest for the Orb.
     0 | D        | Reached XP level 1. HP: 9/9 MP: 5/5
     1 | D        | Noticed Ijyb
    11 | D        | Killed Ijyb
    11 | D        | Reached skill level 7 in Stealth
    11 | D        | Reached skill level 5 in Hexes
    11 | D        | Reached XP level 2. HP: 13/13 MP: 5/7
    32 | D        | Noticed an ogre
    38 | D        | Killed an ogre
    38 | D        | Reached skill level 9 in Stealth
    38 | D        | Reached skill level 5 in Spellcasting
    38 | D        | Reached XP level 3. HP: 16/16 MP: 8/11
    38 | D        | Reached XP level 4. HP: 21/21 MP: 8/12
    48 | D        | Learned a level 2 spell: Ensorcelled Hibernation
    52 | D        | Learned a level 3 spell: Confuse
    63 | D        | Noticed Sigmund
    66 | D        | Killed Sigmund
    66 | D        | Reached skill level 11 in Stealth
    66 | D        | Reached skill level 10 in Hexes
    66 | D        | Reached XP level 5. HP: 24/24 MP: 11/15
    66 | D        | Reached XP level 6. HP: 28/28 MP: 12/17
    79 | D        | Found a deep blue altar of Sif Muna.
    81 | D        | Found a radiant altar of Vehumet.
    86 | D        | Became a worshipper of Sif Muna the Loreminder
    88 | D        | Reached skill level 12 in Stealth
   113 | D        | Found Totobru's Antique Weapon Emporium.
   113 | D        | Found a white marble altar of Elyvilon.
   113 | D        | Found a stormy altar of Qazlal.
   113 | D        | Found a burning altar of Makhleb.
   113 | D        | Found a sacrificial altar of Ru.
   113 | D        | Found an oddly glowing altar of Pakellas.
   113 | D        | Found a basalt altar of Yredelemnul.
   113 | D        | Found a glowing golden altar of the Shining One.
   113 | D        | Found a sparkling altar of Nemelex Xobeh.
   113 | D        | Found a shimmering altar of Xom.
   113 | D        | Found an opulent altar of Gozag.
   113 | D        | Found an ancient bone altar of Kikubaaqudgha.
   113 | D        | Found a glowing silver altar of Zin.
   113 | D        | Noticed a yak
   114 | D        | Found an iron altar of Okawaru.
   115 | D        | Killed a yak
   115 | D        | Reached * piety under Sif Muna
   115 | D        | Reached skill level 5 in Dodging
   115 | D        | Reached skill level 13 in Stealth
   116 | D        | Found a bloodstained altar of Trog.
   127 | D        | Noticed Sonja
   131 | D        | Killed Sonja
   131 | D        | Reached ** piety under Sif Muna
   131 | D        | Reached skill level 16 in Stealth
   131 | D        | Reached XP level 7. HP: 32/32 MP: 17/20
   131 | D        | Reached XP level 8. HP: 36/36 MP: 18/22
   145 | D        | Noticed a deep troll
   151 | D        | Slain by a deep troll

Skill      XL: |  1  2  3  4  5  6 |
---------------+-------------------+-----
Stealth        | 7 9 11 16 | 16.2
Spellcasting   | 3 5 7 9 |  9.1
Hexes          | 5 7 10 13 | 13.0
Dodging        | 4 6 |  6.2
Short Blades   | 2 |  2.4

Action                   |  1- 3 |  4- 6 |  7- 9 || total
-------------------------+-------+-------+-------++-------
Melee: Dagger            |    13 |     4 |       ||    17
       Short sword       |       |       |     2 ||     2
 Cast: Ensorcelled Hiber |       |       |     1 ||     1
  Use: Potion            |     1 |       |       ||     1
 Stab: Sleeping          |     1 |     4 |     1 ||     6
Dodge: Dodged            |     8 |       |     3 ||    11
